 Dungeon Crawl Stone Soup version 0.24.0-29-g8ce449bc06 (webtiles) character file.

Game seed: 6028680893188012222, levelgen mode: deterministic

21 korach the Ruffian (level 2, -1/23 HPs)
             Began as a Draconian Transmuter on Nov 15, 2019.
             Slain by a hobgoblin
             ... wielding a +0 club
              (3 damage)
             ... on level 1 of the Dungeon.
             The game lasted 00:02:44 (311 turns).

korach the Ruffian (Draconian Transmuter)            Turns: 311, Time: 00:02:45

Health: -1/23      AC:  4    Str: 12    XL:     2   Next: 65%
Magic:  5/5        EV: 12    Int: 13    God:
Gold:   80         SH:  0    Dex: 11    Spells: 4/5 levels left

rFire    + . .     SeeInvis .     - Unarmed
rCold    . . .     Gourm    .   (no shield)
rNeg     . . .     Faith    .   (armour unavailable)
rPois    .         Spirit   .   (helmet restricted)
rElec    .         Reflect  .   (no cloak)
rCorr    .         Harm     .   (no gloves)
MR       .....                  (no boots)
Stlth    +.........             (no amulet)
HPRegen  0.07/turn              g - ring of protection from fire
MPRegen  0.09/turn              (no ring)

@: no status effects
A: unfitting armour, cold-blooded, AC +4
a: no special abilities


You were on level 1 of the Dungeon.
You were not hungry.

You visited 1 branch of the dungeon, and saw 1 of its levels.

You collected 80 gold pieces.

Inventory:

Missiles
 a - 12 arrows
 b - 60 stones (quivered)
Jewellery
 g - a ring of protection from fire (left hand)
Scrolls
 f - a scroll of remove curse
Potions
 d - a potion of agility {unknown}
Comestibles
 c - 2 rations


   Skills:
 + Level 1.1 Fighting
 + Level 1.9 Dodging
 + Level 3.5 Unarmed Combat
 + Level 2.1 Spellcasting
 + Level 2.2 Transmutations


You had 4 spell levels left.
You knew the following spells:

 Your Spells              Type           Power        Failure   Level  Hunger
a - Beastly Appendage     Tmut           #.....       10%         1    ##.....

Your spell library contained the following spells:

 Spells                   Type           Power        Failure   Level  Hunger
 Sticks to Snakes         Tmut           #.......     16%         2    ###....
 Spider Form              Tmut/Pois      #.........   43%         3    ####...
 Ice Form                 Ice/Tmut       #.......     83%         4    #####..
 Blade Hands              Tmut           #.........   95%         5    ######.


Dungeon Overview and Level Annotations

Branches:
Dungeon (1/15)

Altars:


Innate Abilities, Weirdness & Mutations

Your plain brown scales are hard. (AC +4)
You cannot fit into any form of body armour.
You are cold-blooded and may be slowed by cold attacks.


Message History

You kill the giant cockroach!
The bat barely misses you. The bat hits you.
* * * LOW HITPOINT WARNING * * *
You closely miss the bat. The bat hits you but does no damage.
The bat closely misses you. x2
The bat barely misses you. The bat barely misses you.
The bat barely misses you. The bat barely misses you.
The kobold throws a stone.
The stone closely misses you. The bat closely misses you.
You see here a robe.
The bat misses you. The bat hits you but does no damage.
You closely miss the bat. The bat hits you but does no damage.
You barely miss the hobgoblin. You tail-slap the hobgoblin.
The hobgoblin is lightly wounded.
The hobgoblin hits you with a +0 club.
You die...

######## #......# #......#
#......# #......###
#......รท(#######
#.......Kbg@...###### #
#........l####......########
#......##)## ######.........
#......##..##### #.........
#####..........# #....##.#.
#..........##########..#
#............# ##..
#(.........#.# ###
#..........# .. #


You could see a hobgoblin, a bat, a kobold and a frilled lizard.

Vanquished Creatures
  2 dart slugs (D:1)
  2 giant cockroaches (D:1)
  A goblin (D:1)
  A hobgoblin (D:1)
  2 kobolds (D:1)
  7 bats (D:1)
  2 frilled lizards (D:1)
  A rat (D:1)
18 creatures vanquished.

Notes
Turn   | Place    | Note
-------+----------+-------------------------------------------
     0 | D:1      | korach the Draconian Transmuter began the quest for the
                  | Orb.
     0 | D:1      | Reached XP level 1. HP: 16/16 MP: 3/3
   104 | D:1      | Reached XP level 2. HP: 18/23 MP: 5/5
   253 | D:1      | HP: 1/23 [hobgoblin/+0 club (6)]
   300 | D:1      | HP: 1/23 [bat (1)]
   311 | D:1      | Slain by a hobgoblin

Levels and vault maps discovered:
D:1:      lightli_arrival_maybe_door_vault, layout_rooms, minmay_tetromino_l4

Action                   || total
-------------------------++-------
Melee: Unarmed           ||    67
       Tailslap          ||     4
  Use: Scroll            ||     2
 Stab: Sleeping          ||     1
Armor: Skin              ||    47
Dodge: Dodged            ||   104
